 Dungeon Crawl Stone Soup version 0.19.1-1-g22dce08 (webtiles) character file.

457 markt42 the Cudgeler (level 7, -16/43 HPs)
             Began as a Gargoyle Fighter on Jan 1, 2017.
             Demolished by an ogre
             ... wielding a +0 giant spiked club
              (24 damage)
             ... on level 4 of the Dungeon.
             The game lasted 00:02:57 (3303 turns).

markt42 the Cudgeler (Gargoyle Fighter)             Turns: 3303, Time: 00:02:58

Health: -16/43     AC: 16    Str: 20 (21) XL:     7   Next: 6%
Magic:  7/7        EV:  4    Int:  7 (9)  God:
Gold:   147        SH:  9    Dex:  8 (9)  Spells: 0 memorised, 6 levels left

rFire  . . .     SeeInvis .     a - +0 flail
rCold  . . .     Gourm    .     o - +0 plate armour
rNeg   + . .     Faith    .     c - +0 shield
rPois  ∞         Spirit   .     (no helmet)
rElec  +         Reflect  .     (no cloak)
rCorr  .         Harm     .     (no gloves)
MR     .....                    (no boots)
Stlth  ..........               (no amulet)
                                (no ring)
                                (no ring)

@: no status effects
A: negative energy resistance 1, electricity resistance, unbreathing,
petrification resistance, rot immunity, AC +4
a: no special abilities


You were on level 4 of the Dungeon.
You were not hungry.

You visited 1 branch of the dungeon, and saw 4 of its levels.

You collected 147 gold pieces.

Inventory:

Hand Weapons
 a - a +0 flail (weapon)
Armour
 c - a +0 shield (worn)
 o - a +0 plate armour (worn)
Scrolls
 e - a scroll of recharging {unknown}
 j - 2 scrolls of enchant armour {unknown}
 l - 2 scrolls of remove curse {unknown}
 p - 2 scrolls of fear {unknown}
 s - 3 scrolls of teleportation {unknown}
 t - a scroll of identify {unknown}
Potions
 d - a potion of might
 i - a potion of cure mutation
Comestibles
 b - a beef jerky
 f - 3 bread rations
 g - 2 fruits
 m - a slice of pizza


   Skills:
 + Level 4.0 Fighting
 * Level 5.4 Maces & Flails
 + Level 4.3 Armour
 + Level 5.1 Shields


You had 6 spell levels left.
You didn't know any spells.

Dungeon Overview and Level Annotations

Branches:
Dungeon (4/15)
 Temple: D:4-7

Altars:


Innate Abilities, Weirdness & Mutations

You are resistant to torment.
Your stone body is resilient. (AC +4)
You are immune to poison.
You resist negative energy. (rN+)
You are resistant to electric shocks. (rElec)
You can survive without breathing.
You are immune to petrification.
You are immune to rotting.


Message History

You are too injured to fight recklessly!
You are too injured to fight recklessly!
You are too injured to fight recklessly!
You are too injured to fight recklessly!
You are too injured to fight recklessly!
You are too injured to fight recklessly!
You are too injured to fight recklessly!
You are too injured to fight recklessly!
You are too injured to fight recklessly!
You are too injured to fight recklessly!
Unknown command.
You hit the ogre.
The ogre is heavily wounded.
The ogre hits you with a giant spiked club.
* * * LOW HITPOINT WARNING * * *
You barely miss the ogre.
The ogre is heavily wounded.
The ogre hits you with a giant spiked club!!
Ouch! That really hurt!
You die...

...............≈≈≈≈≈≈≈≈..
..##..<........≈≈P≈≈≈P≈..
..##...........≈≈≈≈≈≈≈...
..##..........≈P≈≈≈....#.
..#....≈≈≈≈P≈≈≈≈≈P.≈.....
.....≈≈≈≈P≈P≈≈≈≈≈≈≈....#
≈..(≈≈≈≈≈≈≈≈≈≈≈≈≈†≈...#
≈≈≈≈≈≈≈≈≈≈≈≈≈≈≈..O...#
≈≈≈≈≈≈≈≈≈≈≈≈P..≈@....#
≈≈≈≈≈≈≈≈≈≈≈≈≈.≈.....##
≈≈P..≈≈P≈.≈≈.≈....###
......P..........##
..#.............##
..############### #. ##


You could see an ogre.

Vanquished Creatures
  An ogre (D:4)
  The ghost of PinkishYellow the Insei, an amateur TeMo (D:3)
  An orc priest (D:4)
  2 orc wizards (D:4)
  2 worker ants (D:4)
  6 adders
  2 oozes
  4 worms
  A leopard gecko (D:3)
  9 orcs
  5 bats
  7 giant cockroaches
  10 goblins
  5 hobgoblins
  9 jackals
  2 quokkas (D:4)
  8 frilled lizards
  4 kobolds
  7 rats
86 creatures vanquished.

Notes
Turn   | Place    | Note
-------+----------+-------------------------------------------
     0 | D:1      | markt42 the Gargoyle Fighter began the quest for the Orb.
     0 | D:1      | Reached XP level 1. HP: 14/14 MP: 1/1
   214 | D:1      | Reached XP level 2. HP: 19/19 MP: 2/2
   672 | D:1      | Reached XP level 3. HP: 21/23 MP: 3/3
  1380 | D:2      | Reached XP level 4. HP: 29/29 MP: 4/4
  1950 | D:3      | Noticed PinkishYellow's ghost (amateur TeMo)
  1978 | D:3      | Killed PinkishYellow's ghost
  1978 | D:3      | Reached XP level 5. HP: 22/33 MP: 5/5
  2875 | D:4      | Noticed an ogre
  2882 | D:4      | Killed an ogre
  2882 | D:4      | Reached XP level 6. HP: 34/38 MP: 6/6
  2968 | D:4      | Reached skill level 5 in Maces & Flails
  2986 | D:4      | Reached skill level 5 in Shields
  3143 | D:4      | Reached XP level 7. HP: 36/43 MP: 7/7
  3303 | D:4      | Demolished by an ogre

Skill      XL: |  1  2  3  4  5  6 |
---------------+-------------------+-----
Shields        | 4 5 |  5.1
Maces & Flails | 3 4 5 |  5.4
Fighting       | 4 |  4.0
Armour         | 4 |  4.3

Action                   |  1- 3 |  4- 6 |  7- 9 || total
-------------------------+-------+-------+-------++-------
Melee: Flail             |   172 |   253 |    55 ||   480
  Use: Potion            |       |     6 |       ||     6
  Eat: Chunk             |     1 |     7 |     1 ||     9
Armor: Scale mail        |   107 |       |       ||   107
       Plate armour      |    42 |   226 |    31 ||   299
Dodge: Dodged            |    67 |    53 |    10 ||   130
Block: Shield            |   104 |   169 |    21 ||   294
